 Dungeon Crawl Stone Soup version 0.30-a0-782-ge64f9170bb (webtiles) character file.

Game seed: 14824230618415261820

42 Leeroy the Insei (level 3, 0/23 HPs)
             Began as an Octopode Transmuter on Feb 22, 2023.
             Slain by Natasha (6 damage)
             ... on level 2 of the Dungeon.
             The game lasted 00:01:00 (1167 turns).

Leeroy the Insei (Octopode Transmuter)              Turns: 1167, Time: 00:01:00

Health: 0/23       AC:  1    Str:  9    XL:     3   Next: 54%
Magic:  6/6        EV: 13    Int: 17    God:
Gold:   83         SH:  0    Dex: 12    Spells: 5/6 levels left

rFire   . . .      SeeInvis .      - Unarmed
rCold   . . .      Faith    .    (no shield)
rNeg    . . .      Spirit   .    (helmet restricted)
rPois   .          Reflect  .    (no amulet)
rElec   .          Harm     .    (no ring)
rCorr   .          Rampage  .    (no ring)
Will    .....                    (no ring)
Stlth   ++                       (no ring)
HPRegen 0.23/turn                (no ring)
MPRegen 0.10/turn                (no ring)
                                 (no ring)
                                 (no ring)

@: no status effects
A: almost no armour, amphibious, 8 rings, camouflage 1, gelatinous body 1,
(nimble swimmer 1), tentacles
a: no special abilities


You were on level 2 of the Dungeon.
You visited 1 branch of the dungeon, and saw 2 of its levels.

You collected 83 gold pieces.

Inventory:

Scrolls
 d - 2 scrolls of identify {unknown}
 f - a scroll of fog {unknown}
Potions
 a - 3 potions of lignification
 b - 2 potions of curing {unknown}
 c - a potion of berserk rage {unknown}
 e - a potion of heal wounds {unknown}


   Skills:
 - Level 1.0 Fighting
 - Level 2.0 Dodging
 * Level 4.4 Unarmed Combat
 - Level 2.0 Spellcasting
 - Level 2.0 Transmutations


You had 5 spell levels left.
You knew the following spells:

 Your Spells              Type           Power      Damage    Failure   Level
a - Beastly Appendage     Tmut           16%        N/A       9%          1

Your spell library contained the following spells:

 Spells                   Type           Power      Damage    Failure   Level
 Wereblood                Tmut           8%         N/A       13%         2
 Spider Form              Tmut/Pois      5%         N/A       36%         3
 Ice Form                 Ice/Tmut       5%         N/A       77%         4


Dungeon Overview and Level Annotations

Branches:
Dungeon (2/15)

Altars:

Shops:
D:1 *

Annotations:
D:2 Natasha


Innate Abilities, Weirdness & Mutations

You cannot wear most types of armour.
You are amphibious.
You can wear up to eight rings at the same time.
Your skin changes colour to match your surroundings (Stealth+).
Your rubbery body absorbs attacks. (AC +1, EV +1)
((You are camouflaged when in or above water. (Stealth+)))
You have tentacles for arms and can constrict up to eight enemies at once.


Message History

You barely miss the goblin. Your grab misses the goblin.
Natasha casts a spell.
You tentacle-slap the goblin. Your grab misses the goblin.
The goblin is severely wounded.
The goblin barely misses you. The endoplasm barely misses you.
You tentacle-slap the goblin.
You kill the goblin!
The endoplasm hits you.
You tentacle-slap the dart slug but do no damage.
You grab the dart slug. You constrict the dart slug.
The endoplasm barely misses you. The dart slug launches a dart at you.
The slug dart hits you.
You are too injured to fight recklessly!
You are too injured to fight recklessly!
You are too injured to fight recklessly!
You are too injured to fight recklessly!
You tentacle-slap the dart slug.
The dart slug is heavily wounded.
You constrict the dart slug. The endoplasm freezes you.
You are frozen.
The dart slug launches a dart at you. The slug dart hits you.
* * * LOW HITPOINT WARNING * * *
You release your grip on the dart slug.
You tentacle-slap the endoplasm. You squeeze the endoplasm.
The endoplasm is almost dead.
The endoplasm barely misses you.
You tentacle-slap the endoplasm.
You kill the endoplasm!
You barely miss Natasha. Your grab misses Natasha.
Natasha mumbles some strange words.
Natasha's front paws start to glow.
Natasha closely misses you.
You tentacle-slap Natasha. You grab Natasha.
Natasha is lightly wounded.
You constrict Natasha, but do no damage.
Natasha claws you.
You die...

. #.#.### #.......# ..
.....# #.#.#.### .##
#.#.#######.#.#... .#)#
#..!......>.#.#####
r###.#.#.###.##..#.#
.5...h)..###.....#.#
###.#.5w....#...#.#
.......#h#......?#.#
##...###@#.#.#..##.# .....
#.#.#.....#)# ....
#.#.#....<#.# ...
#.#.#....##.# .
#.#.#.....#.# #
#.#...#..##.# ####.
#.........#.# ..#.###
###..........#
#.#...####.....############


You could see Natasha, a shadow imp (summoned) and a dart slug.

Vanquished Creatures
  A dart slug (D:1)
  5 ball pythons (D:1)
  5 bats
  3 endoplasms
  A giant cockroach (D:1)
  7 goblins
  5 hobgoblins
  4 frilled lizards (D:1)
  A kobold (D:1)
  3 rats
35 creatures vanquished.

Notes
Turn   | Place    | Note
-------+----------+-------------------------------------------
     0 | D:1      | Leeroy the Octopode Transmuter began the quest for the Orb.
     0 | D:1      | Reached XP level 1. HP: 13/13 MP: 3/3
    29 | D:1      | Reached XP level 2. HP: 11/18 MP: 5/5
   228 | D:1      | Found Laocujeg's General Store.
   521 | D:1      | Reached skill level 4 in Unarmed Combat
   782 | D:1      | Reached XP level 3. HP: 23/23 MP: 6/6
   921 | D:2      | Found a faded altar of an unknown god.
  1155 | D:2      | Noticed Natasha
  1167 | D:2      | Slain by Natasha

Illustrated notes

Levels and vault maps discovered:
D:1:      minmay_arrival_radiant_lines, layout_loops_corners, serial_shops,
          nicolae_shop_window_shopping, minmay_hexomino_f4
D:2:      layout_basic, ebering_ecumenical_altar_petrified, minmay_surrounded,
          uniq_natasha

Skill      XL: |  1  2 |
---------------+-------+-----
Unarmed Combat | 4 |  4.4
Fighting       | |  1.0
Dodging        | |  2.0
Spellcasting   | |  2.0
Transmutations | |  2.0

Action                     || total
---------------------------++-------
  Melee: Unarmed           ||    71
         Constrict         ||    16
         Tentacles         ||    16
         Punch             ||     1
   Stab: Sleeping          ||     6
 Armour: Skin              ||     9
  Dodge: Dodged            ||    36

Table legend: (Time is in decaauts)
 A = Elapsed time spent in this place.
 B = Non-inter-level travel time spent in this place.
 C = Inter-level travel time spent in this place.
 D = Time resting spent in this place.
 E = Time spent auto-exploring this place.
 F = Levels seen in this place.
 G = Mean time per level.
                   A        B        C        D        E       F      G
               +--------+--------+--------+--------+--------+-----+--------+
         Total |   1161 |   1145 |     16 |      0 |    944 |   2 |  580.5 |
       Dungeon |   1161 |   1145 |     16 |      0 |    944 |   2 |  580.5 |
               +--------+--------+--------+--------+--------+-----+--------+

Top non-repeatable levels by time:
     D:1: 883 daAuts
     D:2: 278 daAuts
